 Dungeon Crawl Stone Soup version 0.23.2-40-g277498a001 (webtiles) character file.

Game seed: 6034786476322815203

35 MalarOregon the Magician (level 3, -4/28 HPs)
             Began as a Draconian Wizard on Sept 28, 2019.
             Slain by Natasha (9 damage)
             ... on level 2 of the Dungeon.
             The game lasted 00:03:20 (1036 turns).

MalarOregon the Magician (Draconian Wizard)         Turns: 1036, Time: 00:03:20

Health: -4/28      AC:  6    Str: 11    XL:     3   Next: 16%
Magic:  0/7        EV: 12    Int: 19    God:
Gold:   31         SH:  0    Dex:  9    Spells: 7/8 levels left

rFire    . . .     SeeInvis .   d - +0 mace
rCold    . . .     Gourm    .   (no shield)
rNeg     . . .     Faith    .   (armour unavailable)
rPois    .         Spirit   .   a - +0 hat
rElec    .         Reflect  .   b - +0 cloak
rCorr    .         Harm     .   (no gloves)
MR       .....                  (no boots)
Stlth    +.........             (no amulet)
HPRegen  0.09/turn              f - ring of attention (curse)
MPRegen  0.10/turn              j - +2 ring of strength

@: very slightly contaminated, slowed, invisible, very slow
A: unfitting armour, cold-blooded, AC +5
a: no special abilities


You were on level 2 of the Dungeon.
You were not hungry.

You visited 1 branch of the dungeon, and saw 2 of its levels.

You collected 31 gold pieces.

Inventory:

Hand Weapons
 d - a +0 mace (weapon)
   (You took it off a hobgoblin on level 1 of the Dungeon)
Armour
 a - a +0 hat (worn)
 b - a +0 cloak (worn)
   (You found it on level 1 of the Dungeon)
Jewellery
 f - a cursed ring of attention (left hand)
   (You found it on level 1 of the Dungeon)
 j - a +2 ring of strength (right hand)
   (You took it off a hobgoblin on level 1 of the Dungeon)
Scrolls
 g - a scroll of remove curse {unknown}
 i - a scroll of random uselessness {unknown}
Potions
 h - a potion of curing {unknown}
 k - a potion of heal wounds {unknown}
 m - a potion of ambrosia {unknown}
Comestibles
 e - 2 rations {!d}


   Skills:
 + Level 1.1 Fighting
 + Level 2.1 Dodging
 - Level 1.7 Stealth
 * Level 3.4 Spellcasting
 * Level 1.8 Conjurations
   Level 1.0 Summonings
   Level 1.0 Translocations


You had 7 spell levels left.
You knew the following spells:

 Your Spells              Type           Power        Failure   Level  Hunger
a - Magic Dart            Conj           ##..         7%          1    None

Your spell library contained the following spells:

 Spells                   Type           Power        Failure   Level  Hunger
 Blink                    Tloc           N/A          14%         2    ##.....
 Call Imp                 Summ           #.......     14%         2    ##.....
 Slow                     Hex            #.......     22%         2    ##.....
 Conjure Flame            Conj/Fire      #.......     30%         3    ###....
 Mephitic Cloud           Conj/Pois/Air  #.......     34%         3    ###....


Dungeon Overview and Level Annotations

Branches:
Dungeon (2/15)

Altars:

Annotations:
D:2 Natasha


Innate Abilities, Weirdness & Mutations

Your plain brown scales are hard. (AC +5)
You cannot fit into any form of body armour.
You are cold-blooded and may be slowed by cold attacks.


Message History

You closely miss the jackal.
Your tail-slap misses the jackal.
The jackal closely misses you.
The jackal bites you but does no damage.
You miss the jackal.
Your tail-slap misses the jackal.
The jackal barely misses you.
The jackal bites you but does no damage.
You miss the jackal.
The jackal bites you but does no damage.
The jackal bites you.
You closely miss the jackal. The jackal barely misses you.
The jackal bites you but does no damage.
You hit the jackal.
You kill the jackal!
The jackal barely misses you.
You barely miss the jackal. The jackal barely misses you. x2
All of the chunks of flesh in your inventory have rotted away.
You miss the jackal. The jackal closely misses you. x2
You hit the jackal.
You kill the jackal!
Natasha casts a spell at you.
You feel yourself slow down.
Aim: Natasha The magic dart hits Natasha.
Natasha barely misses you.
Aim: Natasha (lightly wounded)
The magic dart hits Natasha.
Natasha misses you. Natasha barely misses you.
Aim: Natasha (moderately wounded)
The magic dart hits Natasha but does no damage.
Natasha claws you.
Aim: Natasha (moderately wounded)
The magic dart hits Natasha.
Natasha claws you. x2
Aim: Natasha (moderately wounded)
The magic dart hits Natasha but does no damage.
Natasha stares at you and mumbles some strange words.
The magic dart hits you.
* * * LOW HITPOINT WARNING * * *
Aim: Natasha (moderately wounded)
The magic dart hits Natasha.
Natasha claws you!
* * * LOW HITPOINT WARNING * * *
Natasha claws you but does no damage.
Aim: Natasha (heavily wounded)
You miscast Magic Dart.
You are very lightly contaminated with residual magic.
The air around you crackles with energy!
Natasha closely misses you.
Unknown command.
You don't have enough magic to cast that spell.
It was a potion of invisibility.
You fade into invisibility!
Natasha claws you!
You die...

#. .. #. .
#.#. #...
#..# ###..#
+....#
####.#####+##
#..<.@h......
#...####.....
+...# ...
##..# . #..#
...# ###.#
#.#


You could see Natasha.

Vanquished Creatures
  An ooze (D:1)
  A dart slug (D:1)
  A leopard gecko (D:1)
  5 goblins (D:1)
  2 hobgoblins (D:1)
  2 jackals (D:2)
  5 kobolds (D:1)
  6 bats (D:1)
  A frilled lizard (D:1)
24 creatures vanquished.

Notes
Turn   | Place    | Note
-------+----------+-------------------------------------------
     0 | D:1      | MalarOregon the Draconian Wizard began the quest for the
                  | Orb.
     0 | D:1      | Reached XP level 1. HP: 14/14 MP: 4/4
   351 | D:1      | Reached XP level 2. HP: 22/22 MP: 0/6
   783 | D:1      | Reached skill level 1 in Fighting
   807 | D:1      | Reached XP level 3. HP: 22/28 MP: 0/7
  1018 | D:2      | Noticed Natasha
  1036 | D:2      | Slain by Natasha

Skill      XL: |  1  2 |
---------------+-------+-----
Dodging        | 2 |  2.1
Fighting       | 1 |  1.1
Stealth        | |  1.7
Spellcasting   | |  3.4
Conjurations   | |  1.8
Summonings     | |  1.0
Translocations | |  1.0

Action                   || total
-------------------------++-------
Melee: Unarmed           ||    40
       Mace              ||    18
 Cast: Magic Dart        ||    58
  Use: Potion            ||     1
Armor: Skin              ||    21
Dodge: Dodged            ||    66
